[Event "Queens Festival Final-A 2022"]
[Site "Tornelo"]
[Date "2022.06.25"]
[Round "3.2"]
[White "Song, Yuxin"]
[Black "Ismayil, Malak"]
[Result "1-0"]
[ECO "C78"]
[WhiteElo "2317"]
[BlackElo "2001"]
[Annotator "TA"]
[PlyCount "57"]
[EventDate "2022.06.24"]
[EventType "tourn"]
[EventCountry "NET"]
[SourceTitle "playchess.com"]
[Source "ChessBase"]
[SourceQuality "1"]
[TimeControl "180+2"]

1. e4 e5 2. Nf3 Nc6 3. Bb5 a6 4. Ba4 Nf6 5. O-O b5 6. Bb3 Bc5 7. c3 d6 8. d4 Bb6 9. a4 Rb8 10. axb5 axb5 11. Qd3 {[%emt 0:00:01] C78: Ruy Lopez: Archangelsk and Möller Defences.} Bd7 {[%emt 0:00:08] is the legacy move (11...0-0).} 12. Bg5 ({Don't blunder} 12. Qxb5 $2 Nxd4 $1 13. Bxf7+ Kxf7 $19) 12... h6 13. Bh4 {[%emt 0:00:17] The position is equal.} O-O {[%emt 0:00:01] [#]} (13... exd4 $1 $11 14. Nxd4 Ne5) 14. dxe5 $146 ({Predecessor:} 14. Nbd2 Qe8 15. Bxf6 gxf6 16. Rfe1 Kh7 17. Nf1 Ne7 18. Ng3 Rg8 19. Nh5 Kg6 20. Bd1 {1-0 (39) Savicevic,V (2284)-Ivanovic,M (2294) Paracin 2022}) 14... Nxe5 {[%emt 0:00:11][%mdl 8192] A mistake that costs the game.} (14... dxe5 $16 15. Bxf6 gxf6) 15. Nxe5 $18 dxe5 16. Bxf6 gxf6 {[%emt 0:00:04] [#]} 17. Rd1 $1 Bg4 18. Qg3 Qc8 19. h3 Kh7 20. Qxg4 Qxg4 21. hxg4 Rg8 22. Bxf7 Rxg4 23. Be6 Rf4 24. Bf5+ Kh8 25. Rd2 Rg8 26. Be6 Re8 27. Bd5 Rd8 28. Ra8 Rxa8 29. Bxa8 {[%emt 0:00:01] Weighted Error Value: White=0.25 (precise) /Black=0.78} 1-0

[Event "Queens Festival Final-A 2022"]
[Site "Tornelo"]
[Date "2022.06.25"]
[Round "3.3"]
[White "Gueci, Tea"]
[Black "Castrillon Gomez, Melissa"]
[Result "1/2-1/2"]
[ECO "B31"]
[WhiteElo "2248"]
[BlackElo "2198"]
[Annotator "TA"]
[PlyCount "111"]
[EventDate "2022.06.24"]
[EventType "tourn"]
[EventCountry "NET"]
[SourceTitle "playchess.com"]
[Source "ChessBase"]
[SourceQuality "1"]
[TimeControl "180+2"]

1. e4 c5 2. Nf3 Nc6 3. Bb5 g6 4. c3 Nf6 5. Qe2 Bg7 6. O-O O-O 7. d4 cxd4 8. cxd4 d5 9. e5 Ne8 10. Nc3 {[%emt 0:00:31] B31: Sicilian: 2...Nc6 3 Bb5 g6.} Bg4 11. Be3 {[%emt 0:00:22] [#]} Rc8 $146 ({Predecessor:} 11... Nc7 12. Ba4 Kh8 13. Rac1 Ne6 14. Rfd1 Na5 15. h3 Bxf3 16. Qxf3 Nc4 17. Bb3 Nxb2 {1-0 (54) Uwira,O-Forgach,A Bergen Enkheim 1997}) 12. h3 {[%emt 0:00:03] White is slightly better.} Bxf3 13. Qxf3 ({Don't play} 13. gxf3 a6 14. Bd3 Nb4 $11) 13... e6 14. Rfd1 f6 15. exf6 ({Better is} 15. Qg4 $14 Qd7 16. f4) 15... Nxf6 16. Qe2 Qd7 17. Rac1 Qf7 18. Ba4 Ne7 19. Bb3 Nf5 20. Bf4 Nh5 (20... Nd7 $5 21. Be3 Nb6 $15) 21. Be3 Nxe3 22. Qxe3 Nf4 23. Ne2 (23. Rc2 $11) 23... Bh6 (23... Nxe2+ $17 24. Qxe2 Rxc1 25. Rxc1 Bxd4) 24. Rxc8 $11 Rxc8 25. Nxf4 Bxf4 26. Qe2 Rc1 27. Rxc1 Bxc1 {[%emt 0:00:01][%mdl 4096] Endgame KQB-KQB} 28. Qc2 Bg5 29. Ba4 Kg7 30. g3 {[%emt 0:00:05] Prevents Qf4.} Kh6 31. Qc8 Qf5 32. h4 (32. Bd1 $5 ) 32... Bf6 (32... Bd2 $11) 33. Qf8+ (33. Bc2 $14 Qg4 34. Kg2 (34. Qxb7 Bxd4 35. Kg2 Bc5 $11) (34. Qf8+ Bg7 $11) 34... Qxd4 35. Qxe6) 33... Bg7 {[%emt 0:00:04] The position is equal.} 34. Qxf5 exf5 {[%emt 0:00:02] KB-KB} 35. Bb3 Bxd4 36. Bxd5 Bxb2 37. Bxb7 a5 38. Kg2 Kg7 39. Kf3 Bd4 40. Ke2 Kf6 41. f3 h6 42. g4 fxg4 43. fxg4 g5 44. h5 Be5 45. Kd3 Bf4 46. Kc4 Ke5 47. Kb5 Bd2 48. Kc6 Bc3 (48... Kf4 $5 49. Bc8 Ke5 $11) 49. Bc8 Kf6 50. Kd6 Bb4+ 51. Kd5 Ba3 52. Bf5 Bb4 53. Bg6 Ba3 54. Bf5 Bb4 55. Bg6 Ba3 56. Bf5 {[%emt 0:00:01] Weighted Error Value: White=0.15 (very precise) /Black=0.13 (very precise)} 1/2-1/2

[Event "Queens Festival Final-A 2022"]
[Site "Tornelo"]
[Date "2022.06.25"]
[Round "3.4"]
[White "Yuan, Ye"]
[Black "Alboredo, Julia"]
[Result "1-0"]
[ECO "E81"]
[WhiteElo "2108"]
[BlackElo "2252"]
[Annotator "TA"]
[PlyCount "61"]
[EventDate "2022.06.24"]
[EventType "tourn"]
[EventCountry "NET"]
[SourceTitle "playchess.com"]
[Source "ChessBase"]
[SourceQuality "1"]
[TimeControl "180+2"]

1. d4 {[%emt 0:00:02] King,D} Nf6 2. c4 g6 3. Nc3 Bg7 4. e4 d6 5. f3 O-O 6. Be3 c6 7. Qd2 a6 8. Nge2 b5 9. Ng3 {[%emt 0:00:07] E81: King's Indian: Sämisch: 6th move deviations (including 6 Be3 c6).} h5 10. h4 ({Reject} 10. cxb5 axb5 11. Bd3 Nbd7 $11) 10... Nbd7 11. Bh6 {[%emt 0:00:02] The position is equal.} e5 {[%emt 0:00:09] And now ...Bxh6 would win.} 12. d5 cxd5 13. cxd5 {[%emt 0:00:03] [#]} Nb6 $146 ({Predecessor:} 13... Nh7 14. Be2 Bf6 15. Bxf8 Ndxf8 16. Bd3 Bxh4 17. Qf2 Qg5 18. Nce2 Bd7 19. O-O Qd2 {0-1 (35) Neiman,E (2315)-Relange,E (2505) Narbonne 1997 CBM 061 [King,D]}) 14. Bxg7 Kxg7 15. Qg5 b4 16. Nd1 Bd7 17. Ne3 Kh7 18. f4 (18. b3 $14) 18... exf4 $11 19. Qxf4 Bb5 (19... Ng4 $11) 20. Bxb5 $14 axb5 21. O-O $40 {[%emt 0:00:06][%mdl 128] Black needs to defend precisely.} Nfd7 {[%emt 0:00:14][%mdl 8192] [#]} (21... Ne8 $11) 22. Qxd6 $2 (22. Nef5 $1 $18 {[%mdl 512] Qh6+ would kill now.} g5 23. hxg5) 22... Qxh4 (22... Nc4 $11 {keeps the balance.} 23. Nxc4 bxc4) 23. Rf3 $1 $16 {[%emt 0:00:12][%cal Og3h5] Black must now prevent Nxh5!} Rad8 $2 (23... Qg5 $16 {was necessary.}) 24. Raf1 $18 Kg8 {[%emt 0:00:02] [#]} (24... Qg5 $142 25. Rxf7+ Rxf7 26. Rxf7+ Kg8) 25. e5 $2 (25. Ngf5 $1 $18 Qxe4 (25... Nc8 26. Qxf8+) 26. Rg3) 25... Nc4 $11 26. Nxc4 Qxc4 {[%emt 0:00:04] [#]} (26... bxc4 $11 {and Black stays safe.} 27. Rxf7 Qd4+ 28. R1f2 Rxf7 29. Qxg6+ Rg7 30. Qxg7+ Kxg7 31. Nf5+ Kh7 32. Nxd4 Nxe5) 27. e6 $2 {[%emt 0:00:04] Chess con chili.} (27. Nf5 $1 $18 Qc5+ 28. Qxc5 Nxc5 29. Nd6) 27... fxe6 $2 (27... Qd4+ $11 28. Kh2 Qh4+ 29. Kg1 Qd4+ 30. Kh2 Qh4+ 31. Kg1 Qd4+) 28. Rxf8+ {[%emt 0:00:10][%mdl 64] Remove Defender} Nxf8 29. Qxd8 {[%emt 0:00:05] White mates.} Qd4+ 30. Rf2 Qd1+ 31. Nf1 {[%emt 0:00:01] Weighted Error Value: White=0.68/Black=1.18} 1-0

[Event "Queens Festival Final-A 2022"]
[Site "Tornelo"]
[Date "2022.06.25"]
[Round "4.1"]
[White "Castrillon Gomez, Melissa"]
[Black "Yuan, Ye"]
[Result "0-1"]
[ECO "D46"]
[WhiteElo "2198"]
[BlackElo "2108"]
[Annotator "RC"]
[PlyCount "98"]
[EventDate "2022.06.24"]
[EventType "tourn"]
[EventCountry "NET"]
[SourceTitle "playchess.com"]
[Source "ChessBase"]
[SourceQuality "1"]
[TimeControl "180+2"]

1. d4 d5 2. c4 c6 3. Nf3 Nf6 4. e3 e6 5. Bd3 Nbd7 6. Nbd2 Bd6 7. O-O O-O 8. e4 dxe4 9. Nxe4 Nxe4 10. Bxe4 e5 11. d5 Nf6 12. Bc2 cxd5 13. cxd5 e4 14. Ng5 Bf5 15. Re1 Re8 16. Ba4 Re7 17. f3 h6 18. Nxe4 Nxe4 19. fxe4 Bxe4 20. Be3 Bxd5 21. Bd4 Rxe1+ 22. Qxe1 Qg5 23. Qf2 Qh5 24. h3 a6 25. Bb3 Bxb3 26. axb3 Qd5 27. Rf1 Qxb3 28. Kh1 Qd5 29. Bc3 Re8 30. Re1 Rc8 31. Rf1 b5 32. Qf3 Qxf3 33. Rxf3 b4 34. Be1 Rc1 35. Re3 f5 36. g3 Bxg3 37. Rxg3 Rxe1+ 38. Kg2 Re2+ 39. Kf3 Rxb2 40. Rg6 a5 41. Ra6 Ra2 42. Kf4 b3 43. Kxf5 Rf2+ 44. Ke4 b2 45. Rb6 a4 46. Ke3 Rh2 47. Kf3 a3 48. Kg3 Rc2 49. Kh4 a2 0-1

[Event "Queens Festival Final-A 2022"]
[Site "Tornelo"]
[Date "2022.06.25"]
[Round "4.2"]
[White "Ismayil, Malak"]
[Black "Gueci, Tea"]
[Result "1-0"]
[ECO "C50"]
[WhiteElo "2001"]
[BlackElo "2248"]
[Annotator "TA"]
[PlyCount "89"]
[EventDate "2022.06.24"]
[EventType "tourn"]
[EventCountry "NET"]
[SourceTitle "playchess.com"]
[Source "ChessBase"]
[SourceQuality "1"]
[TimeControl "180+2"]

1. e4 e5 2. Nf3 Nc6 3. Bc4 Nf6 4. d3 h6 5. O-O Bc5 6. Nc3 d6 7. h3 a6 8. Be3 Ba7 9. a3 O-O 10. Qd2 {[%emt 0:00:05] [#] C50: Hungarian Defence and Giuoco Pianissimo.} Nh5 $146 {[%emt 0:00:06] [#]} (10... b5 $11 11. Bb3 Bxe3 12. fxe3 Be6) ({Predecessor:} 10... Nd4 11. Bxd4 exd4 12. Ne2 b5 13. Bb3 c5 14. Nf4 Rb8 15. Rfe1 Nh7 16. e5 dxe5 17. Nxe5 Rb6 {1-0 (40) Mimoune,K (1588)-Fayolle,G (1679) Montigny le Bretonneux 2021}) 11. Bxh6 $1 $14 {[%emt 0:00:36] White is more active.} Nd4 {[%emt 0:00:46] [#]} (11... Bxh3 12. Bg5) 12. Nxd4 {[%emt 0:00:34] White is better.} Bxd4 (12... exd4 $14 13. Nd5 gxh6) 13. Bg5 $18 Qd7 14. Kh1 b5 15. Bb3 Kh7 16. Qe2 g6 17. Nd5 (17. Qf3 $142) 17... f6 $16 18. Be3 {[%emt 0:00:29] Strongly threatening Bxd4.} c6 (18... Bxb2 $16 19. Ra2 Bd4) 19. Nc3 (19. Bxd4 $18 {aiming for Nb6.} cxd5 20. Be3 (20. Bxd5 Nf4 $15)) 19... a5 20. Qd2 Rh8 (20... Bxe3 $16 21. Qxe3 Qa7) 21. Bxd4 $18 exd4 22. Ne2 c5 23. Bd5 Bb7 24. Bxb7 Qxb7 25. c3 d5 26. cxd4 cxd4 27. Nxd4 dxe4 28. dxe4 Qxe4 29. Rae1 Qb7 30. Kg1 Ng7 31. Nf3 Rad8 (31... Rhd8 {keeps fighting.} 32. Qf4 Nh5) 32. Qf4 Nf5 (32... Nh5 {was worth a try.} 33. Qg4 Rhe8 34. Rxe8 Rxe8) 33. Re6 Kg7 34. Rfe1 Rhf8 (34... Qd5 $142 35. Re7+ Kf8) 35. g4 Rf7 (35... Rd5 $18 36. Qe4 Rf7 37. gxf5 Rxf5) 36. gxf5 g5 {[%emt 0:00:03] [#]} 37. Nxg5 $1 Rg8 38. Ne4 Kh8+ 39. Ng3 (39. Kf1 $142 Qc7 40. Nd6 Rh7 41. Rxf6 Rd8 42. Rg6 Rf8 43. Qd4+ Rg7 44. Rh6+ Kg8 45. Qd5+ Qf7 46. Nxf7) 39... Qa8 40. Qh4+ {[%emt 0:00:01] White mates.} Rh7 41. Qxf6+ Rhg7 42. Re7 Qf3 43. Rxg7 Rxg7 44. Re7 Qd1+ 45. Kh2 {[%emt 0:00:02] Weighted Error Value: White=0.18 (very precise) /Black=0.78} 1-0

[Event "Queens Festival Final-A 2022"]
[Site "Tornelo"]
[Date "2022.06.25"]
[Round "4.3"]
[White "Balabayeva, Xeniya"]
[Black "Song, Yuxin"]
[Result "1-0"]
[ECO "B52"]
[WhiteElo "2177"]
[BlackElo "2317"]
[Annotator "TA"]
[PlyCount "111"]
[EventDate "2022.06.24"]
[EventType "tourn"]
[EventCountry "NET"]
[SourceTitle "playchess.com"]
[Source "ChessBase"]
[SourceQuality "1"]
[TimeControl "180+2"]

1. e4 c5 2. Nf3 d6 3. Bb5+ Bd7 4. Bxd7+ Qxd7 5. c4 e5 6. Nc3 Nc6 7. O-O {[%emt 0:00:02] B52: Sicilian: Moscow Variation with 3...Bd7.} Be7 {[%emt 0:00:01] [#]} 8. Re1 $146 ({Predecessor:} 8. a3 Bd8 9. b4 Nge7 10. Rb1 O-O 11. d3 f5 12. Nd5 b6 13. b5 Nd4 14. Nxd4 cxd4 15. Nxe7+ Bxe7 16. exf5 Qxf5 {0-1 (63) Arjun,K (2532)-Caruana,F (2792) Chess.com INT 2022}) 8... Bd8 9. Nd5 {[%emt 0:00:10][%cal Ob2b4] White has an edge.} Nge7 10. d3 O-O 11. Bd2 Nxd5 12. cxd5 Nd4 13. Nxd4 cxd4 14. a4 f5 15. a5 Rc8 16. Qb3 {[%emt 0:00:12] Against Qb5} Be7 17. a6 b6 18. Rac1 Kh8 19. f3 Bh4 20. Rf1 Rc5 (20... fxe4 $11 {deserves consideration.} 21. dxe4 h6) 21. g3 (21. Rxc5 $14 {is superior.} bxc5 22. Qb7 Qxb7 23. axb7) 21... Be7 $11 22. Bb4 Rxc1 23. Rxc1 fxe4 24. dxe4 Bg5 25. Rc6 Be7 (25... Be3+ $11 26. Kg2 h5) 26. Kg2 $16 {[%emt 0:00:04] [#] Black must now prevent Qc4.} Rc8 $2 {[%emt 0:00:03][%mdl 8192] Black cannot hold the game after this.} (26... h5 $16) 27. Qc4 $18 Rf8 28. Rc7 Qe8 (28... Qa4 $142 29. b3 (29. Rxe7 b5 $18) (29. Rxa7 Bd8 $11) 29... Qa2+ 30. Qc2 (30. Kh3 Qf2 $18) 30... Qxc2+ 31. Rxc2 Ra8) 29. Rxa7 Qf7 30. Qd3 {[%emt 0:00:02] Active counter play!} Qe8 31. Rb7 Bg5 32. a7 Qa8 33. Rd7 Rd8 34. Rxd8+ Bxd8 {[%emt 0:00:02][%mdl 4096] Endgame KQB-KQB} 35. Qa6 Bc7 36. Kf2 {[%emt 0:00:04][%cal Ob4a5] Threatens to win with Ba5!} h6 37. Ke2 Kh7 38. Kd3 Kg6 39. Qa4 {[%emt 0:00:03] Strongly threatening Qd7.} Kh7 40. f4 Kh8 41. fxe5 dxe5 42. d6 Qf8 43. a8=Q {[%emt 0:00:04] White mates.} Bd8 {[%emt 0:00:01] [#]} 44. Qxd8 $3 Qxd8 45. d7 Qf6 46. Qa8+ Kh7 47. d8=Q Qf1+ 48. Kc2 Qc4+ 49. Kb1 Qf1+ 50. Ka2 Qc4+ 51. Ka3 Qd3+ 52. b3 Qb1 53. Qh8+ Kg6 54. Qae8+ Kf6 55. Qhf8+ Kg5 56. Qxg7# {[%emt 0:00:01] Weighted Error Value: White=0.14 (very precise) /Black=0.65} 1-0

[Event "Queens Festival Final-A 2022"]
[Site "Tornelo"]
[Date "2022.06.25"]
[Round "4.4"]
[White "Okuyaz, Duru"]
[Black "Cori T., Deysi"]
[Result "0-1"]
[ECO "B06"]
[WhiteElo "2090"]
[BlackElo "2367"]
[Annotator "TA"]
[PlyCount "76"]
[EventDate "2022.06.24"]
[EventType "tourn"]
[EventCountry "NET"]
[SourceTitle "playchess.com"]
[Source "ChessBase"]
[SourceQuality "1"]
[TimeControl "180+2"]

1. e4 g6 2. d4 Bg7 3. Nc3 d6 4. Be3 c6 5. f3 Qc7 6. Qd2 {[%emt 0:00:01] B06: Modern Defence.} b5 7. O-O-O b4 (7... Nd7 $11) 8. Nce2 $14 {[%emt 0:00:02] White is slightly better.} a5 {[%emt 0:00:01] [#]} 9. Kb1 $146 ({Predecessor:} 9. Nf4 Nd7 10. g4 h6 11. h4 Bb7 12. Kb1 Rc8 13. Rh2 Nb6 14. Bd3 e6 15. d5 cxd5 16. Bxb6 Qxb6 17. exd5 {0-1 (48) Staroszczyk,M (2052)-Zgadzaj,R (2245) Miedzyzdroje 2009}) 9... Nd7 10. Nc1 (10. g4 $14) 10... Rb8 (10... h5 $15) 11. g4 $11 h5 (11... c5 {with more complications.} 12. dxc5 dxc5 13. Bf4 e5) 12. gxh5 $1 Rxh5 13. f4 (13. Nh3 $14 {stays ahead.}) 13... Ngf6 $17 14. Bd3 {[%emt 0:00:08] White is on the road to losing.} (14. Qg2 $15) 14... c5 $36 {[%emt 0:00:17][%mdl 2048] Black is in control.} 15. e5 $2 (15. dxc5 $17 dxc5 16. Qe2) 15... Nd5 (15... dxe5 16. fxe5 Nd5 17. e6 $19) 16. e6 N7f6 17. exf7+ Kxf7 18. dxc5 {[%emt 0:00:29] [#]} Nc3+ $1 {[%emt 0:00:17][%mdl 576] Zwischenzug, Double Attack} 19. Ka1 Nxd1 20. Qxd1 dxc5 {[%emt 0:00:42][%cal Bd6c5,Bc5c4,Bc4d3,Bd3c2][%mdl 32] Hoping for ...c4.} 21. Nf3 (21. Bc4+ {was called for.} Ke8 22. Nf3) 21... c4 22. Ne5+ Rxe5 23. fxe5 cxd3 24. exf6 dxc2 25. Qd3 Bf5 26. Qd5+ Be6 {[%emt 0:00:02] This bishop pair is nice.} 27. Qd3 Bxf6 {[%emt 0:00:01] ( -> ...Rd8). Active counter play!} 28. Bd4 Rd8 29. Rg1 Bf5 (29... Rxd4 $142 30. Qxg6+ Kf8 31. Qh6+ Ke8 32. Qh5+ Kd8 33. Rf1 Rd5 34. Qf3 Rd2 35. Qe3 Rd1 36. a3 Qc4 37. Rxd1+ cxd1=Q 38. Qb6+ Kc8 39. Qxe6+ Qxe6 40. Kb1 Qe5 41. axb4 Qxb2#) 30. Qb3+ Be6 (30... Kg7 $142 31. Bxf6+ exf6) 31. Qd3 Rg8 (31... Rxd4 $142 32. Qxg6+ Kf8 33. Qh6+ Ke8 34. Qh5+ Kd8 35. Qf3 Rd2 36. Re1 Bd5 37. Qe3 Rd1 38. h4 Qc4 39. Qb6+ Kc8 40. Qa6+ Qxa6 41. Rxd1 cxd1=Q 42. Kb1 Be4+ 43. Ka1 Qxc1#) 32. Bxf6 exf6 33. Qf3 (33. Qe4 $142 Bf5 34. Qd5+ Kf8 35. Qf3) 33... Rd8 34. Rf1 Qe5 {[%emt 0:00:01] aiming for ...a4.} 35. Nd3 {[%emt 0:00:04] [#]} Qd4 (35... Rxd3 $142 $1 36. Qxd3 {[#]} Qf4 $3 37. Rxf4 c1=Q+ 38. Qb1 Qxf4) 36. h4 a4 {[%emt 0:00:03] Black mates.} 37. h5 g5 38. Nxb4 Qd1+ {[%emt 0:00:02] Weighted Error Value: White=1.26/Black=0.87} 0-1

[Event "Queens Festival Final-A 2022"]
[Site "Tornelo"]
[Date "2022.06.25"]
[Round "5.1"]
[White "Song, Yuxin"]
[Black "Okuyaz, Duru"]
[Result "1/2-1/2"]
[ECO "C10"]
[WhiteElo "2317"]
[BlackElo "2090"]
[Annotator "TA"]
[PlyCount "102"]
[EventDate "2022.06.24"]
[EventType "tourn"]
[EventCountry "NET"]
[SourceTitle "playchess.com"]
[Source "ChessBase"]
[SourceQuality "1"]
[TimeControl "180+2"]

1. e4 e6 2. d4 d5 3. Nd2 dxe4 4. Nxe4 Nd7 5. Nf3 Ngf6 6. Nxf6+ Nxf6 7. Be3 {[%emt 0:00:00] 7.c3 is becoming the main line.} Be7 8. Bd3 O-O {[%emt 0:00:01] C10: French with 3 Nc3: Unusual Black 3rd moves and 3...dxe4.} 9. O-O b6 10. Ne5 Bb7 {[%emt 0:00:01] Against Qf3. The position is equal.} 11. c4 c5 12. Re1 {[%emt 0:00:04] [#]} (12. dxc5 $11 Qc7 13. c6 Bxc6 14. Nxc6 Qxc6 15. Qe2) 12... Rc8 $146 ({Much weaker is} 12... cxd4 13. Bxd4 Bb4 14. Re3 $11) (12... Qd6 $15) ({Predecessor:} 12... Qd6 13. Qc2 cxd4 14. Bf4 Qd8 15. Rad1 Rc8 16. h3 Kh8 17. Qe2 Qe8 {1-0 (55) Gentes,K (2331)-Yam,A (2048) Edmonton 2005}) 13. a3 cxd4 {[%emt 0:00:03] [#]} (13... Qd6 $5 ) 14. Bxd4 Qc7 15. Ng4 {[%emt 0:00:17] [#]} (15. Bc3 $11) 15... Qf4 (15... Qc6 $1 $17 16. Ne3 Rfd8) 16. Nxf6+ $11 Bxf6 17. Be3 Qh4 18. Qe2 Rfd8 19. Rad1 Bg5 20. Qf1 Bxe3 21. Rxe3 Qf6 22. Qe2 Rd4 23. Re1 Rcd8 24. b4 g6 25. Rg3 Qe7 26. Qc2 Qd7 27. Bf1 Rd2 28. Qc3 Qd4 29. Rge3 Qxc3 (29... Kf8 {keeps more tension.} 30. f3 Ra2 31. Qb3 Rb2) 30. Rxc3 Ra2 31. f3 Rdd2 32. c5 bxc5 33. bxc5 Bc6 34. Rb1 Kg7 35. Rbc1 a5 36. h4 h5 37. Kh2 Kf6 38. Kg3 g5 39. hxg5+ Kxg5 40. Rc4 {[%emt 0:00:04] Prevents h4+.} (40. Re1 $17) 40... f5 41. Kh2 (41. R4c3 {was necessary.}) 41... Bxf3 $19 42. c6 (42. R4c3 $19 Bc6 43. Rb3) 42... Bxg2 43. Bxg2 Rxg2+ {[%emt 0:00:02] KRR-KRR} 44. Kh1 Rh2+ 45. Kg1 Rag2+ 46. Kf1 Rf2+ 47. Kg1 Rfg2+ 48. Kf1 Rd2 49. Kg1 Rhg2+ (49... h4 $142 50. R4c3 Rdg2+ 51. Kf1 Kg4 52. c7 Rf2+ 53. Kg1 h3 54. Rxh3 Rhg2+ 55. Kh1 Kxh3 56. Rc3+ Rg3 57. Rxg3+ Kxg3 58. Kg1 Rc2 59. Kf1 Rxc7 60. Ke2 Rd7 61. Ke3 a4 62. Ke2 f4 63. Kf1 f3 64. Ke1 Rd6 65. Kf1 Rd1#) 50. Kh1 Rh2+ $2 (50... h4 $19 51. Rg1 Rxg1+ 52. Kxg1 Rd8) 51. Kg1 Rdg2+ $2 {[%emt 0:00:01] Weighted Error Value: White=0.41/Black=0.23 (precise)} (51... h4 {mates} 52. R4c3 Rdg2+ 53. Kf1 Rf2+ 54. Kg1 Kg4 55. c7 h3 56. Rxh3 Rhg2+ 57. Kh1 Kxh3 58. Rc3+ Rg3 59. Rxg3+ Kxg3 60. Kg1 Rc2 61. Kf1 Rxc7 62. Ke2 Rd7 63. Ke3 Rd8 64. a4 Rd5 65. Ke2 f4 66. Kf1 Re5 67. Kg1 Re1#) 1/2-1/2

[Event "Queens Festival Final-A 2022"]
[Site "Tornelo"]
[Date "2022.06.25"]
[Round "5.2"]
[White "Gueci, Tea"]
[Black "Balabayeva, Xeniya"]
[Result "1-0"]
[ECO "B12"]
[WhiteElo "2248"]
[BlackElo "2177"]
[Annotator "TA"]
[PlyCount "73"]
[EventDate "2022.06.24"]
[EventType "tourn"]
[EventCountry "NET"]
[SourceTitle "playchess.com"]
[Source "ChessBase"]
[SourceQuality "1"]
[TimeControl "180+2"]

1. e4 c6 2. d4 d5 3. e5 Bf5 4. Nf3 e6 5. Be2 h6 6. Nbd2 {[%emt 0:00:02] B12: Caro-Kann: Advance Variation.} Nd7 7. Nb3 Ne7 8. O-O {[%emt 0:00:02] White is slightly better.} Bh7 9. a4 Nf5 10. a5 a6 11. c4 dxc4 12. Bxc4 (12. Nbd2 $5 ) 12... Be7 {[%emt 0:00:01] [#]} 13. Nbd2 $146 (13. g4 $14 Nh4 14. Nxh4 Bxh4 15. f4) ({Predecessor:} 13. Qe2 O-O 14. Bd3 c5 15. dxc5 Nxc5 16. Nxc5 Bxc5 17. Rd1 Qe7 18. Bd2 Rfd8 19. Bc3 {0-1 (52) Miranda,R (2284)-Gupta,S (2429) Chess.com INT 2020}) 13... O-O 14. Qb3 (14. Nb3 $14) 14... Qc7 (14... b5 $1 $15 15. Bd3 c5) 15. Re1 Rfd8 (15... b5 $11 16. axb6 Nxb6) 16. Ne4 ({White should try} 16. g4 $14) 16... Rac8 $2 {[%emt 0:00:13] [#]} (16... b5 $15 {keeps the upper hand.} 17. axb6 Nxb6) 17. Bxe6 $2 {[%emt 0:00:27][%mdl 8192] 0x0.0022fab3b29ddp-1022s more active pieces.} fxe6 $19 18. Qxe6+ (18. g4 $17 {was the only defense.}) 18... Kh8 19. g4 Nf8 20. Qc4 Nh4 21. Nxh4 Bxh4 22. g5 Qd7 23. gxh6 Qg4+ 24. Ng3 Rxd4 25. hxg7+ Kxg7 26. Qc3 (26. Qf1) 26... Ne6 (26... Rd3 $142 27. Qc5 Nd7) 27. Be3 (27. h3 $142 Qg6 28. Qf3) 27... Rd3 28. Qc1 Bxg3 29. hxg3 Be4 30. Ra4 Nd4 $4 31. Rxd4 $18 {[%emt 0:00:07] Really sharp!} Rxd4 32. Bxd4 Bd5 $2 {[%emt 0:00:09] [#]} (32... Bf5) 33. Qe3 $2 (33. e6+ $1 $18 {is the precise move to win.} Kh7 34. Qc2+ Kh6 35. Qd2+ Kg6 36. Qd3+ Qf5 37. Qxf5+ Kxf5 38. Re5+ Kg4 39. e7) 33... Kf7 $2 (33... Be6 $16 34. Qe4 Qh5) 34. e6+ $1 Bxe6 35. Qe5 {[%emt 0:00:04] White wants to mate with Qf6+.} Qf5 {[%emt 0:00:04] Prevents Qf6+.} 36. Qg7+ Ke8 37. Bf6 {[%emt 0:00:04] What a bad dream for Black.  Weighted Error Value: White=0.94/Black=1.06} 1-0

[Event "Queens Festival Final-A 2022"]
[Site "Tornelo"]
[Date "2022.06.25"]
[Round "5.3"]
[White "Yuan, Ye"]
[Black "Ismayil, Malak"]
[Result "1-0"]
[ECO "E85"]
[WhiteElo "2108"]
[BlackElo "2001"]
[Annotator "NA RC"]
[PlyCount "91"]
[EventDate "2022.06.24"]
[EventType "tourn"]
[EventCountry "NET"]
[SourceTitle "playchess.com"]
[Source "ChessBase"]
[SourceQuality "1"]
[TimeControl "180+2"]

1. d4 Nf6 2. c4 g6 3. Nc3 Bg7 4. e4 d6 5. f3 O-O 6. Be3 e5 7. Nge2 Nbd7 8. Qd2 Qe7 9. d5 a5 10. Ng3 Nc5 11. b3 c6 12. h4 cxd5 13. cxd5 h5 14. Bh6 b6 15. Bb5 Bd7 16. Be2 Rac8 17. Nb5 Bxb5 18. Bxb5 Kh7 19. Bxg7 Kxg7 20. Qg5 Kh7 21. O-O Ng8 22. Rfc1 Qxg5 23. hxg5 f6 24. gxf6 Nxf6 25. Nf1 h4 26. Ne3 Rb8 27. Nc4 Rfd8 28. Rc3 Nh5 29. a3 Nf4 30. Kf1 a4 31. bxa4 g5 32. Rb1 g4 33. a5 bxa5 34. Nxd6 Rxd6 35. Rxc5 h3 36. g3 h2 37. Kf2 Nh3+ 38. Kg2 Ng5 39. fxg4 Rf8 40. Rc7+ Kh6 41. Kxh2 Rf2+ 42. Kg1 Nxe4 43. Bd3 Rxd5 44. Bxe4 Rdd2 45. Rb6+ Kg5 46. Rg7# 1-0